 Dungeon Crawl Stone Soup version 0.28.0 (webtiles) character file.

Game seed: 12125545726185137561

601731 diecastcamel the Conqueror (level 26, -20/263 (266) HPs)
             Began as a Minotaur Berserker on Feb 9, 2022.
             Was the Champion of Trog.
             Demolished by an Orb Guardian (31 damage)
             ... on level 5 of the Realm of Zot on Feb 12, 2022.
             The game lasted 08:34:28 (79012 turns).

diecastcamel the Conqueror (Minotaur Berserker)    Turns: 79012, Time: 08:34:29

HP:   -20/263 (266) AC: 38    Str: 30    XL:     26   Next: 50%
MP:   0/22          EV: 18    Int: 10    God:    Trog [******]
Gold: 6532          SH: 28    Dex: 14    Spells: 25/25 levels left

rFire   + + .      SeeInvis .   U - +9 broad axe of Ridit {vorpal, Will++}
rCold   + + .      Faith    .   l - +0 tower shield
rNeg    + . .      Spirit   .   d - +9 plate armour {rF+}
rPois   +          Reflect  +   B - +2 hat {Int+3}
rElec   +          Harm     .   h - +2 cloak {rPois}
rCorr   +          Rampage  .   R - +0 pair of gloves of Dawn {Regen+ rCorr Str+2 Stlth-}
Will    +++++      Rage     1%  m - +2 pair of boots {Stlth+}
Stlth   .......... Rnd*Tele +   H - amulet of reflection
HPRegen 1.00/turn               J - ring "Vifes" {Wiz Drain rElec rN+ Int+3}
MPRegen 0.18/turn               t - ring of protection from cold

@: about to teleport, resistant, marked, strong-willed, regenerating, slowed,
lightly drained, very slow
A: horns 2, retaliatory headbutt, berserk 1, deformed body, deterioration 1,
inhibited regeneration, teleportitis 1, weak 1, wild magic 1, noise suppression
}: 3/15 runes: decaying, serpentine, slimy
a: Renounce Religion, Berserk, Trog's Hand, Brothers in Arms


You were on level 5 of the Realm of Zot.
You worshipped Trog.
Trog was exalted by your worship.
You visited 12 branches of the dungeon, and saw 56 of its levels.
You also visited: Sewer, Ossuary, Ice Cave and Wizlab.

You collected 9590 gold pieces.
You spent 3058 gold pieces at shops.

Inventory:

Hand Weapons
 U - the +9 broad axe of Ridit (weapon) {vorpal, Will++}
   (Trog gifted it to you on level 14 of the Dungeon)

   It inflicts extra damage upon your enemies.
   Will:      It greatly increases your willpower.
 X - a +9 broad axe of flaming
Missiles
 I - 5 silver boomerangs (quivered)
Armour
 d - a +9 plate armour of fire resistance (worn)
 h - a +2 cloak of poison resistance (worn)
 l - a +0 tower shield (worn)
 m - a +2 pair of boots of stealth (worn)
 B - a +2 hat of intelligence (worn)
 R - the +0 pair of gloves of Dawn (worn) {Regen+ rCorr Str+2 Stlth-}
   (You bought it in a shop on level 2 of the Orcish Mines)

   Str:       It affects your strength (+2).
   Regen:     It increases your rate of health regeneration.
   rCorr:     It protects you from acid and corrosion.
   Stlth:     It makes you less stealthy.
 S - a +2 kite shield of reflection
 V - a scarf of resistance
Jewellery
 f - a ring of see invisible
 s - an amulet of guardian spirit
 t - a ring of protection from cold (right hand)
 E - a ring of protection from fire
 H - an amulet of reflection (around neck)
 J - the ring "Vifes" (left hand) {Wiz Drain rElec rN+ Int+3}
   (You bought it in a shop on level 1 of the Vaults)

   [ring of wizardry]

   It improves your spell success rate.
   Int:       It affects your intelligence (+3).
   rElec:     It insulates you from electricity.
   rN:        It protects you from negative energy.
   Drain:     It drains your maximum health when unequipped.
 Q - an amulet of the acrobat
 T - the amulet of Terra Nullius {RegenMP rElec rPois rC- rN+++}
   (You found it on level 5 of the Pits of Slime)

   [amulet of magic regeneration]

   It increases your rate of magic regeneration.
   rC:        It makes you vulnerable to cold.
   rElec:     It insulates you from electricity.
   rPois:     It protects you from poison.
   rN:        It renders you almost immune to negative energy.
 Y - a ring of flight
Wands
 j - a wand of paralysis (10)
 F - a wand of digging (3)
 G - a wand of polymorph (20)
 K - a wand of acid (9)
 L - a wand of iceblast (39)
Scrolls
 c - 3 scrolls of silence
 e - 9 scrolls of fear
 g - 3 scrolls of fog
 n - 3 scrolls of blinking
 o - a scroll of holy word
 q - a scroll of summoning
 u - 10 scrolls of teleportation
 A - 35 scrolls of identify
 N - 6 scrolls of magic mapping
 O - 2 scrolls of enchant armour
 P - 4 scrolls of immolation
Potions
 b - 8 potions of haste
 k - 8 potions of ambrosia
 p - 10 potions of lignification
 r - 22 potions of curing
 v - 5 potions of mutation
 x - 14 potions of heal wounds
 z - 5 potions of might
 C - 2 potions of cancellation
 D - 4 potions of resistance
 Z - a potion of invisibility
Miscellaneous
 a - a tin of tremorstones (2/2)
 i - a phial of floods
 w - a lightning rod (4/4)
 y - a box of beasts
 M - a condenser vane


   Skills:
 O Level 27 Fighting
 - Level 18.0 Axes
 - Level 26.0 Armour
 - Level 23.0 Dodging
 + Level 23.5 Shields
 - Level 15.6 Evocations


You had 25 spell levels left.
You didn't know any spells.
Your spell library was empty.

Dungeon Overview and Level Annotations

Branches:
Dungeon (15/15)            Temple (0/1) D:6            Lair (6/6) D:9
  Swamp (4/4) Lair:2        Snake (4/4) Lair:2        Slime (5/5) Lair:6
    Orc (2/2) D:10            Elf (3/3) Orc:2        Vaults (4/5) D:13
  Crypt (3/3) Vaults:3       Tomb (1/3) Crypt:3      Depths (4/4) D:15
    Zot (5/5) Depths:4      Sewer (visited)         Ossuary (visited)
  IceCv (visited)          WizLab (visited)

Altars:
Ashenzari
Elyvilon
Fedhas
Kikubaaqudgha
Nemelex Xobeh
Okawaru
Sif Muna
Vehumet
Wu Jian
Xom
Yredelemnul
The Shining One
Beogh
Jiyva

Shops:
D:2 !   D:10 [   Orc:2 =[(*   Elf:2 *?   Elf:3 [[   Vaults:1 =   Vaults:4 =(:(!
Depths:1 ?:[*   Depths:4 :

Portals:
Hell: Depths:1 Depths:2 Depths:3 Depths:4
Abyss: Depths:3****
Pandemonium: Depths:2
Ziggurat: Depths:3

Annotations:
D:14 2 runed translucent doors, axecop's ghost, journeyman HOAK
Lair:5 2 transporters, exclusion: 2 oklob plants, Ribudoz's ghost, journeyman GnFi
Swamp:2 exclusion: 2 lightning spires
Snake:3 Roxanne
Orc:2 1 runed translucent door, wat's ghost, journeyman MiBe
Crypt:1 1 runed translucent door, yalue's ghost, adept MiFi


Innate Abilities, Weirdness & Mutations

You have a pair of horns on your head.
You reflexively headbutt those who attack you in melee.
You tend to lose your temper in combat.
Armour fits poorly on your strangely shaped body.
Your body sometimes deteriorates upon taking damage.
You do not regenerate when monsters are visible.
You are occasionally teleported next to monsters.
You are weak. (Str -2)
Your spells are a little harder to cast, but a little more powerful.
You passively dampen the noise of your surroundings.


Message History

The storm dragon goes berserk!
Your skin crawls.
You feel strong-willed. You block the death cob's attack.
The Orb Guardian hits you but does no damage.
You block the death cob's attack. The storm dragon barely misses you.
You furiously retaliate!
You headbutt the storm dragon.
You block the storm dragon's attack. x2; The Orb Guardian hits you!
* * * LOW HITPOINT WARNING * * *
The death cob hits you but does no damage.
An Orb Guardian comes into view.
The storm dragon bites you but does no damage.
The storm dragon claws you!
* * * LOW HITPOINT WARNING * * *
The storm dragon tramples you but does no damage.
The shadow dragon breathes negative energy at you.
The bolt of negative energy hits the orb of fire.
The orb of fire completely resists.
The bolt of negative energy hits you. You partially resist.
You feel drained.
* * * LOW HITPOINT WARNING * * *
You feel you are being watched by something.
You feel your power leaking away. The Orb Guardian hits you!!
* * * LOW HITPOINT WARNING * * *
The Killer Klown blinks!
You block the cacodemon's attack.
The cacodemon hits you but does no damage.
You block the electric golem's attack. The electric golem misses you.
The electric golem hits you but does no damage.
The electric golem closely misses you.
The death cob hits you but does no damage.
The orb of fire glows red.
The bolt of fire misses you.
An Orb Guardian comes into view.
The storm dragon misses you. You block the storm dragon's attack.
The storm dragon tramples you!
* * * LOW HITPOINT WARNING * * *
You hold your ground!
The moth of wrath goads the shadow dragon on!
The shadow dragon goes berserk!
The Orb Guardian hits you!!
You die...

...##▓▓▓▓▓▓▓▓▓▓▓#
.X...........X..#
.....XX.....##
......L..§...##
.....^§.L.....#
.........p....#
#...........
...........Dp.#
#...........
..........y**9#
#..........
..........XD@X#
#..........
..........§z2.#
##..........
.............##
#...........
............##
#...........
......^....##
............
#######
#######.####
####..# #.
#....## #.
#######...#####'


You could see 2 orbs of fire, 2 Killer Klowns, an electric golem, a shadow
dragon (berserk, catching breath), an ancient lich, a dread lich, a storm dragon
(berserk), a cacodemon, a death cob, 4 Orb Guardians and a moth of wrath.

Vanquished Creatures
  the Royal Jelly (Slime:5)
  A dread lich (Crypt:3)
  3 ancient liches
  An orb of fire (Zot:3)
  Boris (Depths:4)
  Sojobo (Crypt:2)
  Xtahua (Crypt:1)
  Vashnia (Snake:2)
  Bai Suzhen (Swamp:4)
  2 curse toes
  Nikola (Snake:2)
  3 golden dragons
  3 bone dragons
  2 shard shrike zombies (Crypt:3)
  2 electric golems (Zot:1)
  11 tentacled monstrosities
  9 liches
  6 Orb Guardians (Zot:5)
  5 quicksilver dragons
  4 shard shrike skeletons (Crypt:2)
  A walking frostbound tome (Depths:3)
  3 deep elf blademasters (Elf:3)
  13 acid blobs
  4 deep elf master archers (Elf:3)
  4 tentacled starspawn (Depths:3)
  9 death cobs
  Gastronok (D:10)
  8 ancient champions
  5 shadow dragons
  Kirke (Lair:6)
  8 tengu reavers
  2 thorn hunters
  12 storm dragons
  5 revenants (Crypt:2)
  Donald (Vaults:3)
  A draconian monk (Zot:1)
  4 sphinxes
  4 azure jellies
  3 fire giants
  2 draconian scorchers (Zot:2)
  12 rockslimes
  2 draconian knights (Zot:2)
  2 iron dragons
  5 nagarajas
  Aizul (Snake:3)
  A balrug (Depths:2)
  A caustic shrike zombie (Crypt:3)
  6 deep elf sorcerers (Elf:3)
  9 frost giants
  13 vault wardens
  3 draconian shifters
  Louise (D:15)
  7 curse skulls
  11 ghouls
  2 deep elf elementalists
  3 orc warlords
  6 draconian stormcallers
  13 very ugly things
  3 war gargoyles (Crypt:3)
  5 draconian annihilators
  17 ironbound preservers
  2 spriggan defenders (Depths:4)
  5 vampire knights
  A caustic shrike skeleton (Crypt:2)
  13 quicksilver oozes
  10 ironbound thunderhulks
  10 stone giants
  A juggernaut skeleton (Crypt:2)
  6 white draconians
  12 green draconians
  A deep elf demonologist (Elf:3)
  7 deep elf annihilators
  5 purple draconians
  6 red draconians
  6 bunyips
  3 eleionomae
  An entropy weaver (Vaults:3)
  10 spark wasps
  10 dire elephants
  5 black draconians
  12 yellow draconians
  8 ettins
  5 deep elf death magi
  An eidolon (Crypt:2)
  2 crystal guardians (Vaults:3)
  8 yaktaur captains
  10 jiangshi
  6 salamander tyrants
  8 fire dragons
  11 great orbs of eyes
  3 deep elf high priests
  2 pearl dragon skeletons (Crypt:2)
  3 peacekeepers
  16 naga warriors
  3 boulder beetles
  4 vault guards
  2 rakshasas
  A quicksilver dragon skeleton (Crypt:2)
  A spriggan zombie (Crypt:3)
  3 death knights
  5 ice dragons
  An ogre mage (D:15)
  19 hydras
  5 spriggan air magi
  A catoblepas (D:14)
  A ghost crab (Swamp:4)
  3 spriggan skeletons
  11 anacondas
  6 ironbound frosthearts
  9 centaur warriors
  7 alligators
  25 dancing weapons
  9 two-headed ogres
  6 death yaks
  7 deep troll shamans
  8 tengu warriors
  20 naga sharpshooters
  7 deep troll earth magi
  Urug (Orc:2)
  7 shock serpents
  8 vampire magi
  Nergalle (Orc:2)
  5 spriggan berserkers
  2 soul eaters (Crypt:2)
  4 large abominations (D:14)
  4 orc high priests
  A sun demon (Depths:2)
  13 deep elf knights
  2 shadow wraiths
  4 iron trolls
  2 fire crabs (Swamp:4)
  A storm dragon zombie (Depths:1)
  39 skeletal warriors
  4 titan skeletons
  8 salamander mystics
  7 goliath frogs
  A storm dragon skeleton (Crypt:2)
  A glowing orange brain (Depths:2)
  7 lindwurms
  58 deep trolls
  3 flayed ghosts
  4 spriggan druids
  7 bog bodies
  15 deep elf archers
  14 ironbound convokers
  9 wizards
  9 swamp dragons
  3 anaconda skeletons
  A golden dragon skeleton (Crypt:2)
  An orange crystal statue (Elf:1)
  30 deep elf pyromancers
  11 naga ritualists
  7 necromancers
  16 orc knights
  7 phantasmal warriors
  4 orc sorcerers
  A stone giant zombie (Crypt:3)
  3 harpies (Vaults:1)
  16 mana vipers
  11 oklob plants (Zot:3)
  6 cyclopes
  28 deep elf zephyrmancers
  32 salamanders
  56 ugly things
  3 elephants (Lair:3)
  7 will-o-the-wisps
  2 moths of wrath (shapeshifter)
  57 black mambas
  Joseph (D:7)
  5 guardian serpents (Snake:4)
  16 moths of wrath
  20 naga magi
  8 fire giant skeletons (Crypt:3)
  3 molten gargoyles (Lair:6)
  A rust devil (Depths:2)
  A smoke demon (Depths:2)
  An orange demon (Depths:2)
  A dire elephant skeleton (Crypt:2)
  Maurice (D:11)
  13 vault sentinels
  A torpor snail (Lair:6)
  A steelbarb worm zombie (Crypt:2)
  Psyche (D:7)
  7 cane toads
  A shock serpent skeleton (Crypt:1)
  5 gargoyles
  A red draconian zombie (Crypt:1)
  5 rime drakes
  A cane toad (shapeshifter) (D:14)
  2 unseen horrors
  18 komodo dragons
  A kobold demonologist (D:7)
  A tormentor (Depths:2)
  An efreet (D:15)
  5 freezing wraiths
  49 yaktaurs
  An ice devil (Depths:2)
  A pale draconian skeleton (Crypt:2)
  3 tengu conjurers
  4 harpy zombies
  A bloated husk (Swamp:4)
  14 hornets
  8 trolls
  5 tyrant leeches
  19 blink frogs
  A polar bear (Lair:3)
  A wolf spider simulacrum (D:15)
  Prince Ribbit (D:5)
  70 slime creatures
  A hydra skeleton (Crypt:2)
  2 harpy skeletons (Crypt:3)
  7 small abominations (D:14)
  An ettin zombie (Depths:1)
  A guardian serpent skeleton (Crypt:2)
  A centaur simulacrum (Crypt:1)
  15 spriggans
  5 shadows
  9 flying skulls
  An alligator skeleton (Crypt:1)
  11 vampires
  8 fire dragon skeletons (Crypt:3)
  13 wraiths
  A wyvern (shapeshifter) (Elf:3)
  4 wyverns
  An air elemental (Elf:3)
  6 water elementals
  5 humans (D:7)
  A fire bat (D:8)
  A black mamba skeleton (Crypt:3)
  35 yaks
  11 basilisks
  A death yak simulacrum (IceCv)
  A neqoxec (Depths:2)
  6 hogs (Lair:6)
  4 steam dragons
  14 golden eyes
  2 redbacks (Vaults:3)
  A tyrant leech zombie (Crypt:1)
  3 fire elementals
  2 vampire mosquitoes (D:14)
  6 acid dragons
  A two-headed ogre zombie (WizLab)
  Edmund (D:5)
  A naga (shapeshifter) (D:14)
  15 swamp worms
  6 wargs
  A floating eye (Lair:5)
  45 nagas
  14 water moccasins
  A water nymph zombie (Crypt:1)
  2 two-headed ogre skeletons
  5 hell hounds (Lair:6)
  12 swamp drakes
  32 orc warriors
  An ice beast (D:5)
  2 black bears (D:6)
  4 boggarts (D:14)
  10 ogres
  3 necrophages
  10 wolves
  A dream sheep skeleton (Crypt:1)
  3 centaurs
  3 phantoms
  An elf zombie (Ossuary)
  Blork the orc (Orc:2)
  A kobold brigand (D:8)
  3 earth elementals (Elf:2)
  3 gnoll sergeants
  2 scorpions (D:4)
  13 bullfrogs
  A two-headed ogre simulacrum (IceCv)
  A scorpion (shapeshifter) (D:15)
  A wyvern skeleton (D:7)
  A water moccasin skeleton (Crypt:2)
  9 killer bees (D:9)
  10 troll zombies (WizLab)
  5 wights (WizLab)
  2 howler monkeys
  5 lava snakes
  4 centaur zombies
  13 starcursed masses (Depths:3)
  6 hounds
  8 jellies
  A bullfrog zombie (D:5)
  25 orc priests
  3 centaur skeletons
  2 gnoll shamans
  5 iguanas
  26 orc wizards
  A polar bear simulacrum (IceCv)
  2 scorpion zombies (D:5)
  A dwarf zombie (Crypt:2)
  A sky beast zombie (Crypt:1)
  5 ogre zombies (WizLab)
  An acid dragon skeleton (Crypt:2)
  A dwarf skeleton (Crypt:2)
  A tengu skeleton (Crypt:1)
  2 hound zombies (D:5)
  2 mummies (Ossuary)
  8 adders
  36 gnolls
  A worm (D:2)
  2 dart slugs
  69 orcs
  3 bats
  15 endoplasms
  9 giant cockroaches
  A giant cockroach (shapeshifter) (Vaults:2)
  5 goblins
  7 hobgoblins
  6 jackals
  9 kobolds
  5 quokkas
  13 ball pythons
  10 frilled lizards (Sewer)
  9 hobgoblin zombies (Ossuary)
  4 orc zombies (Ossuary)
  A quokka zombie (Crypt:2)
  11 rats
  14 briar patches (Swamp:3)
  5 starspawn tentacles (Depths:3)
2254 creatures vanquished.

Vanquished Creatures (collateral kills)
  A rockslime (Slime:5)
  A deep elf death mage (Elf:3)
  A jiangshi (Crypt:2)
  A vampire mage (Crypt:2)
4 creatures vanquished.

Vanquished Creatures (others)
  A fire giant (Depths:4)
  A draconian scorcher (Zot:3)
  A white draconian (Zot:3)
  A deep elf knight (Elf:3)
  A spriggan druid (Swamp:4)
  3 wizards
  A deep elf zephyrmancer (Elf:1)
  2 bloated husks
  A gnoll (D:10)
  An orc (Orc:1)
  A quokka (Depths:4)
  2 ball lightnings (Swamp:2)
  A briar patch (Swamp:3)
  34 foxfires
  37 fungi
  50 plants
  9 starspawn tentacles (Depths:3)
  15 withered plants (Crypt:3)
162 creatures vanquished.

Grand Total: 2420 creatures vanquished

Notes
Turn   | Place    | Note
-------+----------+-------------------------------------------
     0 | D:1      | diecastcamel the Minotaur Berserker began the quest for the
                  | Orb.
     0 | D:1      | Reached XP level 1. HP: 19/19 MP: 0/0
   158 | D:1      | Reached XP level 2. HP: 25/27 MP: 1/1
   821 | D:1      | Reached skill level 4 in Fighting
   821 | D:1      | Reached XP level 3. HP: 33/33 MP: 2/2
  1120 | D:2      | Identified the +3 dagger of Doom {drain, rC+}
  1352 | D:2      | Reached ** piety under Trog
  1424 | D:2      | Found a basalt altar of Yredelemnul.
  1444 | D:2      | Found Gosoiher's Distillery.
  1709 | D:3      | Reached XP level 4. HP: 40/40 MP: 3/3
  1841 | D:3      | Reached skill level 5 in Axes
  2118 | D:3      | Reached XP level 5. HP: 47/47 MP: 4/4
  2167 | D:3      | Found a glowing golden altar of the Shining One.
  2713 | D:4      | Found a sand-covered staircase.
  2728 | D:4      | Reached XP level 6. HP: 39/55 MP: 5/5
  2814 | Ossuary  | Entered an ossuary
  2825 | Ossuary  | Reached skill level 5 in Fighting
  3129 | D:2      | Bought a potion of haste for 120 gold pieces
  3129 | D:2      | Bought a potion of curing for 36 gold pieces
  3517 | D:4      | Reached XP level 7. HP: 61/61 MP: 6/6
  3768 | D:4      | Found a sparkling altar of Nemelex Xobeh.
  4232 | D:5      | Entered Level 5 of the Dungeon
  4251 | D:5      | Reached skill level 5 in Armour
  4254 | D:5      | Reached skill level 1 in Shields
  4336 | D:5      | Reached *** piety under Trog
  4550 | D:5      | Reached skill level 6 in Fighting
  4561 | D:5      | Reached skill level 5 in Dodging
  4668 | D:5      | Noticed Prince Ribbit
  4686 | D:5      | Killed Prince Ribbit
  4687 | D:5      | Reached XP level 8. HP: 45/71 MP: 7/7
  4920 | D:5      | Found a basalt altar of Yredelemnul.
  5089 | D:5      | Noticed Edmund
  5103 | D:5      | Killed Edmund
  5397 | D:6      | Found an iron altar of Okawaru.
  5487 | D:6      | Reached skill level 7 in Fighting
  5743 | D:6      | Found a glowing drain.
  5750 | Sewer    | Entered a sewer
  5927 | Sewer    | Reached **** piety under Trog
  6181 | D:6      | Found a blossoming altar of Fedhas.
  6200 | D:6      | Reached XP level 9. HP: 74/79 MP: 8/8
  6370 | D:6      | Found an ornate altar of the Wu Jian Council.
  6592 | D:6      | Identified the +4 hunting sling of the Chopping Shrike
                  | {venom, rElec rF++ Will- MP+9}
  6613 | D:6      | Found a staircase to the Ecumenical Temple.
  6961 | D:7      | Noticed a kobold demonologist
  6966 | D:7      | Killed a kobold demonologist
  7150 | D:7      | Noticed Psyche
  7160 | D:7      | Reached skill level 5 in Shields
  7166 | D:7      | Reached skill level 8 in Fighting
  7184 | D:7      | Killed Psyche
  7209 | D:7      | Reached XP level 10. HP: 58/90 MP: 9/9
  7217 | D:7      | Reached skill level 1 in Evocations
  7532 | D:7      | Reached skill level 9 in Fighting
  7645 | D:7      | You fall into a shaft and drop 1 floor!
  7962 | D:8      | Reached skill level 10 in Axes
  8478 | D:8      | Noticed Maggie
  8491 | D:8      | Noticed Maggie
  8491 | D:8      | Maggie changed into Maggie the fire bat
  8500 | D:8      | Killed Maggie the fire bat
  8969 | D:7      | Noticed Joseph
  8991 | D:7      | Killed Joseph
  9654 | D:8      | Reached skill level 5 in Evocations
 10311 | D:9      | Noticed a two-headed ogre
 10517 | D:9      | Killed a two-headed ogre
 10960 | D:9      | Reached XP level 11. HP: 99/99 MP: 10/10
 11476 | D:9      | Found a staircase to the Lair.
 11734 | D:9      | Paralysed by a hornet for 2 turns
 11940 | D:10     | Entered Level 10 of the Dungeon
 12006 | D:10     | Found a staircase to the Orcish Mines.
 12022 | Orc:1    | Entered Level 1 of the Orcish Mines
 12022 | Orc:1    | Noticed an orc knight
 12022 | Orc:1    | Noticed an orc sorcerer
 12022 | Orc:1    | Noticed an orc sorcerer
 12022 | Orc:1    | You fall into a shaft and drop 1 floor!
 12022 | Orc:2    | Entered Level 2 of the Orcish Mines
 12063 | Orc:2    | Reached skill level 10 in Fighting
 12294 | Orc:2    | Noticed an orc knight
 12593 | D:10     | Found Cuyz's Armour Boutique.
 12636 | D:10     | Noticed a two-headed ogre
 12645 | D:10     | Killed a two-headed ogre
 12688 | D:10     | Bought a +1 pair of boots for 161 gold pieces
 12689 | D:10     | Noticed Gastronok
 12955 | D:10     | Reached skill level 10 in Armour
 12978 | D:10     | Identified the +1 cloak "Joon" {Harm rC+ Int-2 SInv}
 14729 | D:11     | Reached skill level 11 in Fighting
 14743 | D:11     | Noticed a red ugly thing
 14773 | D:11     | Reached skill level 10 in Dodging
 14779 | D:11     | Noticed Maurice
 14805 | D:11     | Killed a red ugly thing
 14810 | D:11     | Killed Maurice
 14882 | D:11     | Noticed a two-headed ogre
 14900 | D:11     | Killed a two-headed ogre
 15281 | Lair:1   | Entered Level 1 of the Lair of Beasts
 15290 | Lair:1   | Reached XP level 12. HP: 110/110 MP: 11/11
 15436 | Lair:1   | Found a frozen archway.
 15450 | IceCv    | Entered an ice cave
 16009 | D:2      | Bought a potion of mutation for 96 gold pieces
 16585 | Lair:1   | Noticed a five-headed hydra
 16594 | Lair:1   | Killed a five-headed hydra
 16860 | Lair:1   | Reached skill level 12 in Fighting
 17915 | Lair:2   | Noticed a five-headed hydra
 17930 | Lair:2   | Killed a five-headed hydra
 17962 | Lair:2   | Found a staircase to the Swamp.
 18108 | Lair:2   | Found a staircase to the Snake Pit.
 18441 | Lair:2   | Reached ***** piety under Trog
 18631 | Lair:2   | You fall into a shaft and drop 2 floors!
 19272 | Lair:3   | Reached XP level 13. HP: 107/119 MP: 12/12
 20037 | Lair:4   | Reached skill level 13 in Fighting
 20564 | Lair:5   | Found a transporter.
 20573 | Lair:5   | Noticed Ribudoz's ghost (journeyman GnFi)
 20592 | Lair:5   | Found a transporter.
 21048 | Lair:5   | Paralysed by a floating eye for 2 turns
 21786 | Lair:6   | Entered Level 6 of the Lair of Beasts
 22163 | Lair:6   | Received a gift from Trog
 22204 | Lair:6   | Noticed Kirke
 22206 | Lair:6   | Noticed a sphinx
 22218 | Lair:6   | Killed Kirke
 22219 | Lair:6   | Reached skill level 15 in Axes
 23600 | Lair:6   | Found a viscous altar of Jiyva.
 23600 | Lair:6   | Found a staircase to the Slime Pits.
 23953 | Lair:6   | Found a large runed translucent door.
 23953 | Lair:6   | Noticed a fire dragon
 23955 | Lair:6   | Found a large runed translucent door.
 24110 | Lair:6   | Reached skill level 14 in Fighting
 24110 | Lair:6   | Reached XP level 14. HP: 132/132 MP: 13/13
 24615 | Lair:6   | Identified the +0 chain mail of Anaesthesia {rElec rF+}
 24619 | Lair:6   | Identified the +4 scale mail "Xoxop" {Str+5}
 25318 | D:10     | Killed Gastronok
 27928 | Orc:1    | Found a radiant altar of Vehumet.
 28144 | Orc:2    | Noticed Saint Roka
 28604 | Orc:2    | Noticed Nergalle
 29193 | Orc:2    | Found a runed translucent door.
 29195 | Orc:2    | Noticed wat's ghost (journeyman MiBe)
 29803 | D:13     | Received a gift from Trog
 30178 | D:13     | Identified the +8 flail of Tension {vorpal, MP+9}
 30364 | D:13     | Found a gate to the Vaults.
 30990 | D:14     | Found a large runed translucent door.
 30991 | D:14     | Found a large runed translucent door.
 30994 | D:14     | Noticed axecop's ghost (journeyman HOAK)
 31052 | D:14     | Reached XP level 15. HP: 139/139 MP: 14/14
 31764 | D:14     | Identified the quicksilver dragon scales "Vucerch"
                  | {*Corrode rC+++ Will+ Str-2 Int+5}
 31980 | D:14     | Identified the +9 broad axe of Ridit {vorpal, Will++} (Trog
                  | gifted it to you on level 14 of the Dungeon)
 31980 | D:14     | Received a gift from Trog
 32315 | D:15     | Entered Level 15 of the Dungeon
 32443 | D:15     | Reached skill level 10 in Evocations
 32464 | D:15     | Noticed Louise
 32478 | D:15     | Killed Louise
 32840 | D:15     | Found a staircase to the Depths.
 32844 | D:15     | Reached skill level 15 in Fighting
 33388 | Snake:1  | Entered Level 1 of the Snake Pit
 33557 | Snake:1  | Reached skill level 15 in Armour
 35741 | Snake:2  | Reached XP level 16. HP: 94/149 MP: 15/15
 36561 | Snake:2  | Noticed Vashnia
 36781 | Orc:2    | Killed Nergalle
 36834 | Orc:2    | Noticed Saint Roka
 36834 | Orc:2    | Saint Roka changed into Saint Roka the stone giant
 36843 | Orc:2    | Noticed Urug
 36844 | Orc:2    | Killed Saint Roka the stone giant
 37006 | Orc:2    | Killed Urug
 37052 | Orc:2    | Noticed Blork the orc
 37060 | Orc:2    | Killed Blork the orc
 37069 | Orc:2    | Found Fipuetog's Antique Armour Shop.
 37174 | Orc:2    | Found Zeloefu's General Store.
 37207 | Orc:2    | Found Seaxkiall's Jewellery Shop.
 37223 | Orc:2    | Found Vamaod's Antique Weapon Shop.
 37255 | Orc:2    | Found a staircase to the Elven Halls.
 37511 | Orc:2    | Bought a glowing hat for 182 gold pieces
 37511 | Orc:2    | Bought a pair of pitted gloves for 247 gold pieces
 37511 | Orc:2    | Identified the +0 pair of gloves of Dawn {Regen+ rCorr
                  | Str+2 Stlth-} (You bought it in a shop on level 2 of the
                  | Orcish Mines)
 37775 | Snake:2  | Killed Vashnia
 37776 | Snake:2  | Reached skill level 16 in Fighting
 38073 | Snake:2  | Reached ****** piety under Trog
 38251 | Snake:2  | Noticed Nikola
 38266 | Snake:2  | Killed Nikola
 38484 | Snake:3  | Reached skill level 15 in Dodging
 38649 | Snake:3  | Received a gift from Trog
 38895 | Snake:3  | Noticed Roxanne
 38974 | Snake:3  | Reached skill level 10 in Shields
 39499 | Snake:3  | Noticed Aizul
 39513 | Snake:3  | Killed Aizul
 39769 | Snake:3  | Reached XP level 17. HP: 160/160 MP: 16/16
 40324 | Swamp:1  | Entered Level 1 of the Swamp
 40408 | Swamp:1  | Received a gift from Trog
 40823 | Swamp:1  | Reached skill level 17 in Fighting
 41861 | Swamp:3  | Received a gift from Trog
 42131 | Swamp:3  | Identified the +5 hunting sling "Nofrete" {vorpal, rPois
                  | rF- Will+ Str+5}
 42883 | Swamp:4  | Entered Level 4 of the Swamp
 43034 | Swamp:4  | Found a broken altar of Ashenzari.
 43287 | Swamp:4  | Noticed Bai Suzhen
 43311 | Swamp:4  | Killed Bai Suzhen
 43605 | Swamp:4  | Got a decaying rune of Zot
 43846 | Swamp:4  | Reached skill level 18 in Fighting
 43852 | Swamp:4  | Identified the +10 great sword of Joyful Slaughter {flame,
                  | Dex+3} (Trog gifted it to you on level 4 of the Swamp)
 43852 | Swamp:4  | Received a gift from Trog
 43945 | Swamp:4  | Reached XP level 18. HP: 160/172 MP: 17/17
 44513 | Vaults:1 | Entered Level 1 of the Vaults
 44648 | Vaults:1 | Found Mehach's Jewellery Shoppe.
 44670 | Vaults:1 | Bought the ring "Vifes" {Wiz Drain rElec rN+ Int+3} for 733
                  | gold pieces
 46535 | Vaults:2 | Reached skill level 15 in Shields
 46693 | Vaults:2 | Identified a scroll of acquirement
 46694 | Vaults:2 | Acquired 560 gold pieces
 46850 | Vaults:2 | Received a gift from Trog
 46857 | Vaults:2 | Reached skill level 19 in Fighting
 47293 | Vaults:2 | Reached XP level 19. HP: 55/183 MP: 18/18
 47816 | Vaults:2 | Received a gift from Trog
 48548 | Elf:1    | Entered Level 1 of the Elven Halls
 48804 | Elf:1    | Found a shimmering blue altar of Sif Muna.
 49718 | Elf:2    | Found Ehoenud's Assorted Antiques.
 49732 | Elf:2    | Bought a scroll of fear for 101 gold pieces
 49910 | Elf:2    | Found Feirul's Magic Scroll Shoppe.
 49936 | Elf:2    | Bought a scroll of teleportation for 39 gold pieces
 49936 | Elf:2    | Bought a scroll of teleportation for 39 gold pieces
 49936 | Elf:2    | Bought a scroll of fear for 45 gold pieces
 49936 | Elf:2    | Bought a scroll of fear for 45 gold pieces
 49936 | Elf:2    | Bought a scroll of fog for 26 gold pieces
 50203 | Elf:2    | Received a gift from Trog
 50204 | Elf:2    | Reached skill level 20 in Fighting
 50491 | Elf:2    | Found a runed translucent gate.
 50491 | Elf:2    | Found a runed translucent gate.
 50491 | Elf:2    | Found a runed translucent gate.
 51055 | Elf:3    | Entered Level 3 of the Elven Halls
 51155 | Elf:3    | Found Vuqogg's Armour Emporium.
 51406 | Elf:3    | Found Qoleurgh's Armour Shoppe.
 51480 | Elf:3    | Received a gift from Trog
 51482 | Elf:3    | Reached XP level 20. HP: 178/193 MP: 19/19
 51861 | Elf:3    | Identified the ring of Qeam {MP+9 Slay+3}
 51956 | Elf:3    | Identified the +0 pair of gloves of the Eleven Xeniums
                  | {rElec rPois Will- Regen+}
 51957 | Elf:3    | Identified the +2 leather armour of Greater Demons {rF+
                  | Str+3 Stlth+}
 52612 | Vaults:3 | Received a gift from Trog
 52721 | Vaults:3 | Noticed a bone dragon
 52739 | Vaults:3 | Killed a bone dragon
 53484 | Vaults:3 | Received a gift from Trog
 53566 | Vaults:3 | Noticed Donald
 53577 | Vaults:3 | Killed Donald
 53776 | Vaults:3 | Found a staircase to the Crypt.
 53931 | Vaults:3 | Identified the +0 helmet "Upra" {Rampage rElec SInv}
 54245 | Vaults:4 | Reached skill level 15 in Evocations
 54318 | Vaults:4 | Found Riwaz's Distillery.
 54476 | Vaults:4 | Found Dafireasm's Book Emporium.
 54613 | Vaults:4 | Found Zots's Weapon Emporium.
 54623 | Vaults:4 | Received a gift from Trog
 54802 | Vaults:4 | Found Kifiefri's Jewellery Shoppe.
 54877 | Vaults:4 | Reached XP level 21. HP: 201/201 MP: 20/20
 54918 | Vaults:4 | Identified the +3 chain mail "Geiveheu" {rF+ Dex+2}
 55342 | Vaults:4 | Found Oxoa's Weapon Boutique.
 56129 | Snake:4  | Entered Level 4 of the Snake Pit
 56156 | Snake:4  | Received a gift from Trog
 57208 | Snake:4  | Received a gift from Trog
 57561 | Snake:4  | Got a serpentine rune of Zot
 57879 | Snake:4  | Received a gift from Trog
 58485 | Crypt:1  | Entered Level 1 of the Crypt
 58629 | Crypt:1  | Noticed an ancient lich
 58654 | Crypt:1  | Killed an ancient lich
 58655 | Crypt:1  | Reached skill level 21 in Fighting
 58738 | Crypt:1  | Found the +6 Majin-Bo {vamp, MP+6 Int+6}
 58947 | Crypt:1  | Received a gift from Trog
 59143 | Crypt:1  | Noticed Xtahua
 59172 | Crypt:1  | Killed Xtahua
 59270 | Crypt:1  | Found a runed translucent door.
 59273 | Crypt:1  | Noticed yalue's ghost (adept MiFi)
 59428 | Crypt:1  | Reached XP level 22. HP: 213/213 MP: 21/21
 60231 | Crypt:2  | Noticed Sojobo
 60245 | Crypt:2  | Killed Sojobo
 60245 | Crypt:2  | Received a gift from Trog
 60430 | Crypt:2  | Reached XP level 23. HP: 222/222 MP: 22/22
 60925 | Depths:1 | Entered Level 1 of the Depths
 61254 | Depths:1 | Reached skill level 22 in Fighting
 61255 | Depths:1 | Found a gateway to Hell.
 61506 | Depths:1 | Found an ancient bone altar of Kikubaaqudgha.
 61539 | Depths:1 | Received a gift from Trog
 61627 | Depths:1 | Found Nimiphos's Assorted Antiques.
 61627 | Depths:1 | Found Sayfo's Magic Scroll Emporium.
 61629 | Depths:1 | Found Tuox's Book Emporium.
 61631 | Depths:1 | Found Xeapp's Armour Shoppe.
 61654 | Depths:1 | Bought a scroll of blinking for 105 gold pieces
 61654 | Depths:1 | Bought a scroll of enchant armour for 105 gold pieces
 61654 | Depths:1 | Bought a scroll of teleportation for 42 gold pieces
 61660 | Depths:1 | Bought a shiny plate armour for 936 gold pieces
 61973 | Depths:2 | Found a shimmering altar of Xom.
 62930 | Depths:2 | Gained mutation: Your magical capacity is low. (-10% MP)
                  | [mutagenic glow]
 62938 | Depths:2 | Gained mutation: You are clumsy. (Dex -2) [mutagenic glow]
 62959 | Depths:2 | Gained mutation: Armour fits poorly on your strangely
                  | shaped body. [mutagenic glow]
 63044 | Depths:2 | Lost mutation: You are clumsy. (Dex -2) [potion of
                  | mutation]
 63044 | Depths:2 | Lost mutation: Your magical capacity is low. (-10% MP)
                  | [potion of mutation]
 63044 | Depths:2 | Gained mutation: You are partially covered in iridescent
                  | scales. (AC +2) [potion of mutation]
 63045 | Depths:2 | Lost mutation: Armour fits poorly on your strangely shaped
                  | body. [potion of mutation]
 63045 | Depths:2 | Lost mutation: You are partially covered in iridescent
                  | scales. (AC +2) [potion of mutation]
 63045 | Depths:2 | Gained mutation: You passively dampen the noise of your
                  | surroundings. [potion of mutation]
 63045 | Depths:2 | Gained mutation: Your spells are a little harder to cast,
                  | but a little more powerful. [potion of mutation]
 63112 | Depths:2 | Received a gift from Trog
 63197 | Depths:2 | Identified the +5 dagger of the Final Prophets {flame, rF-
                  | rC+ SInv}
 63210 | Depths:2 | Identified the +5 battleaxe of Enkal {speed, rElec Will+
                  | Str+8 Dex+2}
 63282 | Depths:2 | Identified the +7 quarterstaff "Zabb" {flame, Int+6 Dex-2
                  | Stlth+}
 63713 | Depths:2 | Found a one-way gate leading to the halls of Pandemonium.
 63974 | Depths:3 | Found a one-way gate to the infinite horrors of the Abyss.
 64083 | Depths:3 | Reached skill level 23 in Fighting
 64093 | Depths:3 | Reached XP level 24. HP: 220/235 MP: 22/22
 64373 | Depths:3 | Found a one-way gateway to a ziggurat.
 64488 | Depths:3 | Received a gift from Trog
 64503 | Depths:3 | Paralysed by accursed screaming for 1 turns
 64607 | Depths:3 | Found the +8 demon trident "Rift" {distort, reach+}
 65413 | Depths:4 | Entered Level 4 of the Depths
 65423 | Depths:4 | Found a white marble altar of Elyvilon.
 65488 | Depths:4 | Found a magical portal.
 65489 | Depths:4 | Noticed Boris
 65507 | Depths:4 | Killed Boris
 65545 | WizLab   | Entered Zonguldrok's Shrine
 65599 | WizLab   | Received a gift from Trog
 65759 | WizLab   | Noticed an antique lich
 65774 | WizLab   | Killed an antique lich
 65806 | WizLab   | Found the +9 sword of Zonguldrok {reap}
 66119 | Depths:4 | Found Zavvixk Raiph's Book Shoppe.
 66649 | Depths:4 | Found a gate to the Realm of Zot.
 68303 | Crypt:2  | Received a gift from Trog
 68381 | Crypt:2  | Reached skill level 24 in Fighting
 68412 | Crypt:2  | Identified the +3 scimitar of Reason {drain, Will+}
 68868 | Crypt:3  | Entered Level 3 of the Crypt
 69130 | Crypt:3  | Received a gift from Trog
 69157 | Crypt:3  | Reached XP level 25. HP: 244/246 MP: 22/22
 69604 | Crypt:3  | Found a staircase to the Tomb.
 69965 | Crypt:3  | Identified the amulet of Prescription {Rampage Regen+}
 70465 | Crypt:3  | Found an ancient bone altar of Kikubaaqudgha.
 70467 | Crypt:3  | Noticed an ancient lich
 70475 | Crypt:3  | Killed an ancient lich
 70523 | Crypt:3  | Noticed a dread lich
 70536 | Crypt:3  | Killed a dread lich
 70536 | Crypt:3  | Received a gift from Trog
 71097 | Tomb:1   | Entered Level 1 of the Tomb of the Ancients
 71728 | Slime:1  | Entered Level 1 of the Pits of Slime
 72038 | Slime:5  | Entered Level 5 of the Pits of Slime
 72192 | Slime:5  | Noticed the Royal Jelly
 72197 | Slime:5  | Found a viscous altar of Jiyva.
 72211 | Slime:5  | Killed the Royal Jelly
 72450 | Slime:5  | Found the +7 Singing Sword {vorpal, sonic wave}
 72530 | Slime:5  | Identified the amulet of Terra Nullius {RegenMP rElec rPois
                  | rC- rN+++}
 72530 | Slime:5  | Found the +8 frozen axe "Frostbite" {freezing cloud, *Noise
                  | Fly rC+}
 72553 | Slime:5  | Identified the ring of Seukhliry {Fire Str-4 Int+3}
 72651 | Slime:5  | Got a slimy rune of Zot
 73256 | Zot:1    | Entered Level 1 of the Realm of Zot
 74071 | Zot:1    | Reached skill level 25 in Fighting
 74472 | Zot:1    | Identified the +2 hand axe of Trog's Displeasure {vorpal,
                  | rElec rN+ SInv} (Trog gifted it to you on level 1 of the
                  | Realm of Zot)
 74472 | Zot:1    | Received a gift from Trog
 75565 | Zot:2    | Acquired 753 gold pieces
 75719 | Zot:2    | Reached XP level 26. HP: 258/258 MP: 22/22
 76635 | Zot:3    | Noticed an orb of fire
 76636 | Zot:3    | Gained mutation: You are occasionally teleported next to
                  | monsters. [an orb of fire]
 76639 | Zot:3    | Gained mutation: Your body sometimes deteriorates upon
                  | taking damage. [an orb of fire]
 76642 | Zot:3    | Gained mutation: You are weak. (Str -2) [an orb of fire]
 76643 | Zot:3    | Killed an orb of fire
 76644 | Zot:3    | Reached skill level 26 in Fighting
 77410 | Zot:3    | Received a gift from Trog
 78222 | Zot:4    | Reached skill level 27 in Fighting
 78411 | Zot:4    | Identified the +9 chain mail of the Dice {*Slow rF+ Dex+6
                  | Stlth+}
 78559 | Zot:5    | Entered Level 5 of the Realm of Zot
 79000 | Zot:5    | Noticed an orb of fire
 79007 | Zot:5    | Noticed an orb of fire
 79007 | Zot:5    | Gained mutation: You tend to lose your temper in combat.
                  | [an orb of fire]
 79008 | Zot:5    | Gained mutation: Armour fits poorly on your strangely
                  | shaped body. [an orb of fire]
 79009 | Zot:5    | Noticed a dread lich
 79011 | Zot:5    | Gained mutation: You do not regenerate when monsters are
                  | visible. [a cacodemon]
 79011 | Zot:5    | Noticed an ancient lich
 79012 | Zot:5    | HP: 11/263 [storm dragon (11)]
 79012 | Zot:5    | Demolished by an Orb Guardian

Illustrated notes

Levels and vault maps discovered:
D:1:      dpeg_arrival_connections, layout_basic, nicolae_grassy_gnolls
D:2:      layout_rooms, basic_altar, serial_shops, shop
D:3:      layout_loops_ring, tso_altar
D:4:      layout_basic, nemelex_diamond_rough_becter, enter_ossuary_1,
          st_stairs_14, nicolae_figureground_pulse
D:5:      layout_gridville, nicolae_yredelemnul_corpse_copse,
          minmay_misc_feat_doors, minmay_misc_feat_x,
          ebering_dispersal_statue_hall, uniq_prince_ribbit1, uniq_edmund
D:6:      layout_basic, mainiacjoe_overflow_boulevard,
          nicolae_overflow_hidden_temple, minmay_temple_entry_fiery,
          portal_sewer_entry_e, small_statue_intersection
D:7:      erik_cavepeople, layout_basic, uniq_joseph
D:8:      layout_loops_ring, uniq_maggie
D:9:      layout_roguey, erik_lair_dragon
D:10:     layout_stronghold, hiddenorc1_lemuel, serial_shops,
          nicolae_shop_crystal, solitary_fountain, dk_noncrumbling_3,
          uniq_gastronok
D:11:     layout_basic, uniq_maurice
D:12:     layout_small_grid, st_stairs_3
D:13:     layout_cave_pods, erik_vaults_1
D:14:     layout_basic, ebering_ghost_disaster_area,
          nicolae_concentric_dashed_squares_mild, laboratory
D:15:     grunt_enter_depths_magical_seal, layout_cave_pools, nicolae_wwwww,
          uniq_louise
Lair:1:   layout_misc_corridors, portal_ice_cave_rime, serial_bayou_shore_a
Lair:2:   layout_cave_pods, minmay_swamp_entry_reptiles,
          guppyfry_snake_entry_garden
Lair:3:   layout_chaotic_city, infiniplex_staircase_pool
Lair:4:   layout_gridlike, serial_bayou_shore_b
Lair:5:   layout_hall_layers, gammafunk_ghost_berserking_beasts, disabler_island
Lair:6:   cheibrodos_lair_end_hotspot, layout_long_grid,
          dpeg_slime_entry_enclosed_altar, uniq_kirke
Swamp:1:  layout_falls_marsh, serial_swamp_ruin, hangedman_swamp_ruin_wall,
          evilmike_swamp_ruin_house_1, evilmike_swamp_ruin_house_3,
          infiniplex_staircase_pool_2
Swamp:2:  layout_falls_marsh, nicolae_swamp_trees_clearing, swamp_pool2,
          hangedman_swamp_phenomena
Swamp:3:  layout_falls_marsh, evilmike_swamp_ruin_rubble_1
Swamp:4:  swamp_fiery, layout_basic_swamp, swamp_pool1, nicolae_swamp_godswood,
          uniq_bai_suzhen
Snake:1:  layout_chambers
Snake:2:  layout_onion, special_room, grunt_megastairs_5, serial_bayou_shore_b,
          uniq_nikola, uniq_vashnia
Snake:3:  hangedman_cross_veins, layout_onion_interference,
          nicolae_snake_salamander_zone, uniq_aizul, uniq_roxanne
Snake:4:  grunt_snake_rune_pools, layout_chambers, nicolae_snake_gridmaze_tees
Slime:1:  layout_caves
Slime:2:  layout_caves, basic_altar
Slime:3:  layout_caves
Slime:4:  layout_caves
Slime:5
Orc:1:    layout_caves, basic_altar
Orc:2:    grunt_orc_cross, layout_caves, gammafunk_ghost_grave
Elf:1:    minmay_elf_arrival_summoners, layout_geoelf_diagonals, basic_altar,
          hangedman_elf_represent, columned_hall_lemuel, st_stairs_13,
          minivault_16
Elf:2:    elven_hall_of_blades_hangedman_original [nicolae_blade_bullseye],
          layout_geoelf_octagon, serial_shops, shop, minmay_shop_star
Elf:3:    minmay_elf_hall, layout_gridlike, serial_shops, shop,
          nicolae_shop_stone
Vaults:1: vaults_mumra_minichess, ontoclasm_vaults_decontamination, v_misc_19,
          grunt_vaults_hallway_short, nicolae_vaults_little_squares_4,
          v_misc_18, v_alt_pattern_2, nicolae_vaults_theta,
          layout_vaults_quadrants, serial_shops, nicolae_shop_crystal
Vaults:2: v_alt_pattern_4, nicolae_vaults_ninety_degrees, grunt_vaults_funnel,
          v_misc_3, vaults_dpeg_ring, v_alt_pattern_3, ontoclasm_vaults_gateway,
          hangedman_vaults_maws, nicolae_vaults_three_branches, v_alt_pattern_4,
          v_misc_22, v_misc_32, ontoclasm_vaults_pinch, vaults_dpeg_diagonal,
          layout_vaults_ring
Vaults:3: minmay_crypt_entry_nasty_monster, grunt_vaults_hallway_short,
          hangedman_vaults_capsules, vaults_room_door_hall, v_misc_4,
          vaults_room_ringed_pool, v_misc_3, nicolae_vaults_circle_grid_b,
          hangedman_vaults_locks, ontoclasm_vaults_loading_screen,
          ontoclasm_vaults_ring_square, vaults_dpeg_doors, vaults_dpeg_hooks,
          nicolae_vaults_gold_heap, hangedman_vaults_slice, st_lattice,
          layout_vaults_maze_snakey, uniq_donald
Vaults:4: vaults_room_octagon, v_misc_17, v_alt_pattern_4,
          nicolae_vaults_network_barrier, ontoclasm_vaults_loading_screen,
          vaults_standard_mumra_x, nicolae_vaults_big_ls, v_misc_13,
          vaults_mumra_hexcomb, special_room_vaults [special_room_orc],
          v_misc_3, layout_vaults_big_room, serial_shops, shop, shop,
          nicolae_shop_waterfront, shop_coins, nicolae_diamond_shop
Crypt:1:  minmay_guarded_unrand_majin_bo, layout_chaotic_city,
          ebering_ghost_reflecting_pool, minmay_misc_feat_five, st_stairs_7,
          grunt_crypt_arrival_split, uniq_xtahua, uniq_saint_roka, uniq_margery
Crypt:2:  nicolae_crypt_knochenhaus, layout_chaotic_city,
          serial_sigils_hangedman_snap, grunt_megastairs_2, uniq_sojobo
Crypt:3:  quadcrypt_mu
Tomb:1
Depths:1: layout_cave_pools, minmay_misc_feat_encased,
          grunt_hell_entry_dis_grunt, lemuel_zombie_altar_kikubaaqudgha,
          serial_bayou_shore_b, minmay_shoptagon, serial_bayou_shore_b
Depths:2: minmay_the_grid_octo_tiled_octocenter [minmay_the_grid_octo_clover_2,
          minmay_the_grid_octo_horde, minmay_the_grid_octo_chip,
          minmay_the_grid_octo_checkered,
          minmay_the_grid_octo_prize_ultimate_mussel_roller,
          minmay_the_grid_square_5x5_tri_point,
          minmay_the_grid_square_5x5_bridge, minmay_the_grid_square_5x5_v,
          minmay_the_grid_square_5x5_sharp_hourglass], layout_basic,
          lightli_too_deep, rand_demon_pan_entry_8, xom_teletrap_fun,
          grunt_decor_mini_mirrors, hangedman_abyss_or_decor_lesser_grid
Depths:3: minmay_containers, layout_cave_pools, enter_ziggurat_a, abyss_entry,
          special_room [special_room_jelly], hell_entry, nicolae_water_bricks,
          hellmonk_guarded_unrand_rift
Depths:4: grunt_twist_and_shout, layout_cave_shapes, elyvilon_altar_4,
          mu_enter_wizlab_5, pf_hell_entry_tar_spiral, serial_shops,
          nicolae_shop_trees, drop_trap, hex_medium, uniq_boris
Zot:1:    kennysheep_oblong_rooms, layout_gridlike
Zot:2:    layout_cellular_growth, zot_minivault_1
Zot:3:    grunt_zot_stairs_overgrown, layout_cellular_growth, grunt_megastairs_3
Zot:4:    layout_gridlike, st_stairs_9
Zot:5:    layout_basic

Skill      XL: |  1  2  3  4  5  6  7  8  9 10 11 12 13 14 15 16 17 18 19 20 21 22 23 24 25 26 |
---------------+-------------------------------------------------------------------------------+-----
Axes           | 4 5 6 7 8 9 10 12 13 16 17 18 | 18.0
Fighting       | 4 5 6 7 8 9 11 12 14 15 16 18 19 20 21 23 24 25 27 | 27.0
Armour         | 3 4 5 6 8 9 11 12 13 14 15 16 17 19 20 21 22 23 24 25 26 | 26.0
Dodging        | 3 4 5 6 7 8 10 11 12 13 14 15 16 17 18 19 20 22 23 | 23.0
Shields        | 2 4 5 6 12 13 15 18 20 21 23 | 23.5
Evocations     | 5 8 10 13 15 | 15.6

Action                   |  1- 3 |  4- 6 |  7- 9 | 10-12 | 13-15 | 16-18 | 19-21 | 22-24 | 25-27 || total
-------------------------+-------+-------+-------+-------+-------+-------+-------+-------+-------++-------
Melee: Hand axe          |    43 |    47 |   129 |       |       |       |       |       |       ||   219
       Headbutt          |    11 |    17 |    41 |   139 |   276 |   325 |   391 |   485 |   384 ||  2069
       Dagger            |    36 |    57 |       |       |       |       |       |       |       ||    93
       Punch             |       |     1 |       |       |       |       |       |       |       ||     1
       War axe           |       |       |   158 |   672 |   157 |       |       |       |       ||   987
       Flail             |       |       |    10 |     8 |    51 |       |       |       |       ||    69
       Broad axe         |       |       |       |       |   938 |  1312 |  1539 |  1470 |  1207 ||  6466
       Demon whip        |       |       |       |       |       |    13 |       |       |       ||    13
Throw: Stone             |    12 |       |       |       |       |       |       |       |       ||    12
       Boomerang         |     8 |     4 |     6 |       |       |       |       |       |       ||    18
       Dart              |       |     4 |    10 |    10 |    10 |       |       |       |       ||    34
Invok: Berserk           |     1 |     2 |     4 |     8 |     3 |     1 |     1 |       |       ||    20
       Trog's Hand       |       |     1 |     1 |     7 |    12 |     7 |    12 |     3 |     3 ||    46
       Brothers in Arms  |       |       |       |       |       |       |       |     2 |       ||     2
Evoke: Wand              |       |       |     5 |    17 |    13 |     7 |     2 |       |       ||    44
       Tin of tremorston |       |       |       |       |     2 |       |     6 |     2 |       ||    10
       Box of beasts     |       |       |       |       |       |       |     2 |     1 |       ||     3
       Condenser vane    |       |       |       |       |       |       |     1 |     1 |     1 ||     3
       Phial of floods   |       |       |       |       |       |       |       |     1 |       ||     1
  Use: Scroll            |     2 |     3 |     3 |    12 |    17 |    10 |     2 |    15 |     8 ||    72
       Potion            |     1 |       |       |     4 |     2 |     2 |       |     4 |     3 ||    16
 Stab: Sleeping          |     1 |       |       |       |       |       |       |       |       ||     1
       Petrified         |       |       |       |       |     2 |       |       |       |       ||     2
       Distracted        |       |       |       |       |     1 |       |       |       |       ||     1
Armor: Animal skin       |     3 |       |       |       |       |       |       |       |       ||     3
       Leather armour    |     2 |       |       |       |       |       |       |       |       ||     2
       Scale mail        |     9 |    16 |       |       |       |       |       |       |       ||    25
       Chain mail        |       |    12 |   117 |    90 |   140 |    24 |       |       |       ||   383
       Plate armour      |       |       |       |   200 |   205 |   407 |   340 |   359 |   394 ||  1905
Dodge: Dodged            |    33 |    37 |   115 |   258 |   562 |   517 |   258 |   336 |   375 ||  2491
Block: Buckler           |       |       |    58 |   217 |   376 |       |       |       |       ||   651
       Reflection        |       |       |       |     6 |    29 |   154 |   146 |    27 |    40 ||   402
       Tower shield      |       |       |       |       |   195 |  1339 |  1255 |  1303 |  1124 ||  5216
